 Dungeon Crawl Stone Soup version 0.21-a0-227-g58a7c62 (webtiles) character file.

399 pichaelthompson the Ducker (level 6, -2/51 HPs)
             Began as a Draconian Skald on Aug 30, 2017.
             Slain by a gnoll zombie (3 damage)
             ... in an ossuary.
             The game lasted 00:18:04 (5827 turns).

pichaelthompson the Ducker (Draconian Skald)        Turns: 5827, Time: 00:18:04

Health: -2/51      AC:  6    Str: 14    XL:     6   Next: 54%
Magic:  19/19      EV: 18    Int: 17    God:
Gold:   179        SH:  0    Dex: 16    Spells: 4/11 levels left

rFire    . . .     SeeInvis .   i - +0 dagger (flame)
rCold    . . .     Gourm    .   v - -3 buckler of the Desolation of Salt {MP+9 Int+3} (curse)
rNeg     . . .     Faith    .   (armour unavailable)
rPois    .         Spirit   .   (helmet restricted)
rElec    .         Reflect  .   (no cloak)
rCorr    +         Harm     .   (no gloves)
MR       .....                  (no boots)
Stlth    ++........             (no amulet)
HPRegen  0.17/turn              h - ring of resist corrosion
MPRegen  0.16/turn              (no ring)

@: agile
A: unfitting armour, cold-blooded, AC +6
a: no special abilities


You were in an ossuary.
You were not hungry.

You visited 1 branch of the dungeon, and saw 4 of its levels.
You also visited: Ossuary.

You collected 179 gold pieces.

Inventory:

Hand Weapons
 i - a +0 dagger of flaming (weapon)
Missiles
 s - 26 arrows
Armour
 v - the cursed -3 buckler of the Desolation of Salt (worn) {MP+9 Int+3}
   (You found it on level 4 of the Dungeon)

   It affects your intelligence (+3).
   It affects your magic capacity (+9).
   It has a curse placed upon it.
Jewellery
 h - a ring of resist corrosion (left hand)
Scrolls
 a - 4 scrolls of identify {unknown}
 d - 3 scrolls of teleportation {unknown}
 f - a scroll of noise {unknown}
 j - 2 scrolls of blinking {unknown}
 m - 3 scrolls of amnesia {unknown}
 n - a scroll of random uselessness {unknown}
 o - a scroll of immolation {unknown}
 p - a scroll of recharging {unknown}
 r - a scroll of enchant armour {unknown}
 t - 2 scrolls of remove curse {unknown}
 u - 2 scrolls of enchant weapon {unknown}
Books
 b - a book of Battle

   Spells                             Type                      Level
   a - Infusion                       Charms                       1
   b - Shroud of Golubria             Charms/Translocation         2
   c - Song of Slaying                Charms                       2
   d - Spectral Weapon                Hexes/Charms                 3
   e - Regeneration                   Charms/Necromancy            3
Comestibles
 l - 3 fruits


   Skills:
 * Level 3.3 Fighting
 + Level 1.5 Short Blades
   Level 2.1 Polearms
 * Level 4.0 Dodging
 * Level 3.1 Spellcasting
 * Level 1.5 Hexes
 * Level 3.7 Charms
 * Level 1.0 Necromancy


You had 4 spell levels left.
You knew the following spells:

 Your Spells              Type           Power        Failure   Level  Hunger
a - Infusion              Chrm           ###.         6%          1    None
b - Spectral Weapon       Hex/Chrm       ##......     30%         3    ###....
c - Regeneration          Chrm/Necr      ##........   32%         3    ###....


Dungeon Overview and Level Annotations

Branches:
Dungeon (4/15)
 Temple: D:4-7

Altars:

Annotations:
D:3 Iodinin's ghost, amateur GnSk
D:4 Eustachio


Innate Abilities, Weirdness & Mutations

Your plain brown scales are hard. (AC +6)
You cannot fit into any form of body armour.
You are cold-blooded and may be slowed by cold attacks.


Message History

You hit the mummy but do no damage.
The mummy is moderately damaged.
Your spectral weapon hits the mummy.
Your spectral weapon burns the mummy.
The mummy closely misses you.
The hobgoblin zombie hits you but does no damage.
The gnoll zombie closely misses you.
You hit the mummy. You burn the mummy.
The mummy is severely damaged.
Your spectral weapon hits the mummy but does no damage.
The mummy hits you!
* * * LOW HITPOINT WARNING * * *
You hit the mummy. You burn the mummy.
The mummy is almost destroyed.
Your spectral weapon hits the mummy but does no damage.
The gnoll zombie misses you. The hobgoblin zombie hits you.
* * * LOW HITPOINT WARNING * * *
It was a potion of agility.
You feel agile all of a sudden. The gnoll zombie hits you.
You die...

.........
........
......
#....#
#....#
#....#
#....#
#.ZMZ#
#.(@.#
#....#
#....#
#.∩∩.#
######


You could see a mummy, a hobgoblin zombie, a gnoll zombie and a friendly
spectral dagger of flaming.

Vanquished Creatures
  An ogre (D:4)
  A scorpion (D:3)
  A howler monkey (D:4)
  A hound (D:4)
  An iguana (D:2)
  A mummy (Ossuary)
  A howler monkey skeleton (D:4)
  5 adders
  2 worms
  An orc (D:3)
  3 giant cockroaches
  7 goblins
  13 hobgoblins
  3 jackals (D:1)
  2 quokkas
  3 ball pythons (D:1)
  9 bats
  7 frilled lizards
  A gnoll zombie (Ossuary)
  A hobgoblin zombie (Ossuary)
  14 kobolds
  3 kobold zombies (Ossuary)
  7 rats
88 creatures vanquished.

Vanquished Creatures (others)
  An orc wizard (D:4)
  2 spectral weapons (D:3)
3 creatures vanquished.

Grand Total: 91 creatures vanquished

Notes
Turn   | Place    | Note
-------+----------+-------------------------------------------
     0 | D:1      | pichaelthompson the Draconian Skald began the quest for the Orb.
     0 | D:1      | Reached XP level 1. HP: 17/17 MP: 3/3
   311 | D:1      | Reached XP level 2. HP: 10/24 MP: 5/5
  1385 | D:1      | Reached XP level 3. HP: 24/30 MP: 6/6
  1390 | D:1      | Learned a level 3 spell: Spectral Weapon
  2599 | D:2      | Reached XP level 4. HP: 23/37 MP: 7/7
  2604 | D:2      | Learned a level 3 spell: Regeneration
  2723 | D:2      | Reached skill level 3 in Dodging
  3389 | D:3      | Reached XP level 5. HP: 37/44 MP: 4/8
  3468 | D:3      | Noticed Iodinin's ghost (amateur GnSk)
  3952 | D:3      | HP: 1/44 [Iodinin's ghost (5)]
  4634 | D:3      | Reached skill level 1 in Short Blades
  4634 | D:3      | Reached skill level 1 in Hexes
  5369 | D:4      | Noticed an ogre
  5378 | D:4      | Killed an ogre
  5378 | D:4      | Reached skill level 1 in Necromancy
  5378 | D:4      | Reached XP level 6. HP: 38/51 MP: 6/10
  5443 | D:4      | Got a pitted buckler
  5582 | D:3      | Identified the cursed -3 buckler of the Desolation of Salt {MP+9 Int+3} (You found it on level 4 of the Dungeon)
  5727 | D:4      | Noticed Eustachio
  5764 | D:4      | Found a sand-covered staircase.
  5768 | Ossuary  | Entered an ossuary
  5818 | Ossuary  | Reached skill level 4 in Dodging
  5825 | Ossuary  | HP: 2/51 [mummy (12)]
  5827 | Ossuary  | Slain by a gnoll zombie

Vault maps used:
D:1:      minmay_arrival_hallway
D:3:      uniq_crazy_yiuf_cottage
D:4:      first_bread, enter_ossuary_5, uniq_natasha, uniq_grinder,
          uniq_eustachio
Ossuary:  ossuary_tomb_3

Skill      XL: |  1  2  3  4  5  6 |
---------------+-------------------+-----
Charms         | 3 |  3.7
Dodging        | 3 4 |  4.0
Short Blades   | 1 |  1.5
Hexes          | 1 |  1.5
Fighting       | 3 |  3.3
Necromancy     | 1 |  1.0
Spellcasting   | 3 |  3.1
Polearms       | |  2.1

Action                   |  1- 3 |  4- 6 || total
-------------------------+-------+-------++-------
Melee: Spear             |    98 |       ||    98
       Tailslap          |    23 |    39 ||    62
       Dagger            |   132 |   269 ||   401
 Cast: Spectral Weapon   |       |    16 ||    16
  Use: Potion            |       |     3 ||     3
 Stab: Distracted        |       |     1 ||     1
  Eat: Chunk             |     5 |     8 ||    13
       Royal jelly       |       |     2 ||     2
       Bread ration      |       |     1 ||     1
Armor: Skin              |    74 |    72 ||   146
Dodge: Dodged            |   181 |   185 ||   366

Table legend:
 A = Spawn XP
 B = Non-spawn XP
 C = Spawn XP percentage of total XP
 D = Spawn monster count
 E = Non-spawn monster count
 F = Spawn count percentage of total count
 G = Total turns spent on level
                    A         B        C        D         E        F      G
               +---------+---------+-------+---------+---------+-------+---------
         Total |     110 |     461 |  19.3 |      18 |      71 |  20.2 |  5827
               +---------+---------+-------+---------+---------+-------+---------
           D:1 |      15 |      28 |  34.9 |       9 |      20 |  31.0 |  1522
           D:2 |      22 |      76 |  22.4 |       7 |      19 |  26.9 |  2547
           D:3 |      73 |      73 |  50.0 |       2 |      20 |   9.1 |  1564
           D:4 |       0 |     261 |   0.0 |       0 |       6 |   0.0 |   135
       Ossuary |       0 |      23 |   0.0 |       0 |       6 |   0.0 |    59
               +---------+---------+-------+---------+---------+-------+---------
